 Dungeon Crawl Stone Soup version 0.30-a0-632-g346586fe48 (webtiles) character file.

Game seed: 10466430731556336421

21 wormed the Nimble (level 2, -4/23 HPs)
             Began as a Gnoll Wanderer on Jan 13, 2023.
             Slain by a gnoll
             ... wielding a +1 whip of venom
              (8 damage)
             ... on level 2 of the Dungeon.
             The game lasted 00:01:20 (1043 turns).

wormed the Nimble (Gnoll Wanderer)                  Turns: 1043, Time: 00:01:21

Health: -4/23      AC:  3    Str: 12    XL:     2   Next: 87%
Magic:  5/5        EV: 14    Int: 11    God:
Gold:   62         SH:  0    Dex: 10    Spells: 5/6 levels left

rFire   . . .      SeeInvis .    a - +0 club
rCold   . . .      Faith    .    (no shield)
rNeg    . . .      Spirit   .    e - +0 leather armour
rPois   .          Reflect  .    (no helmet)
rElec   .          Harm     .    (no cloak)
rCorr   .          Rampage  .    (no gloves)
Will    .....                    (no boots)
Stlth   ++                       (no amulet)
HPRegen 0.23/turn                (no ring)
MPRegen 0.09/turn                (no ring)

@: lethally poisoned (-4 -> -5)
A: fangs 1, strong nose, distributed training
a: no special abilities


You were on level 2 of the Dungeon.
You visited 1 branch of the dungeon, and saw 2 of its levels.

You collected 62 gold pieces.

Inventory:

Hand Weapons
 a - a +0 club (weapon)
Missiles
 b - 3 throwing nets (quivered)
 j - 6 atropa-tipped darts
 k - 4 poisoned darts
 l - 4 curare-tipped darts
Armour
 e - a +0 leather armour (worn)
Scrolls
 c - 2 scrolls of teleportation
 d - a scroll of blinking
 g - 2 scrolls of vulnerability {unknown}
 h - a scroll of fear {unknown}
 i - 4 scrolls of identify {unknown}
Potions
 f - a potion of curing {unknown}


   Skills:
 + Level 2.5 Fighting
 + Level 0.5 Short Blades
 + Level 0.5 Long Blades
 + Level 0.5 Axes
 + Level 0.5 Maces & Flails
 + Level 0.5 Polearms
 + Level 0.5 Staves
 + Level 0.5 Ranged Weapons
 + Level 0.5 Throwing
 + Level 2.5 Armour
 + Level 8.5 Dodging
 + Level 2.3 Stealth
 + Level 0.5 Shields
 + Level 0.5 Unarmed Combat
 + Level 2.7 Spellcasting
 + Level 0.4 Conjurations
 + Level 0.4 Hexes
 + Level 2.0 Summonings
 + Level 0.4 Necromancy
 + Level 0.4 Translocations
 + Level 0.4 Transmutations
 + Level 0.4 Fire Magic
 + Level 0.4 Ice Magic
 + Level 0.4 Air Magic
 + Level 0.4 Earth Magic
 + Level 0.4 Poison Magic
 + Level 0.7 Invocations
 + Level 2.5 Evocations


You had 5 spell levels left.
You knew the following spells:

 Your Spells              Type           Power      Damage    Failure   Level
a - Summon Small Mammal   Summ           24%        N/A       14%         1

Your spell library contained the following spells:

 Spells                   Type           Power      Damage    Failure   Level
 Call Canine Familiar     Summ           6%         N/A       41%         3
 Inner Flame              Hex/Fire       2%         N/A       65%         3
 Cause Fear               Hex            1%         N/A       96%         4
 Discord                  Hex            1%         N/A       100%        8


Dungeon Overview and Level Annotations

Branches:
Dungeon (2/15)

Altars:
Vehumet


Innate Abilities, Weirdness & Mutations

You have very sharp teeth.
Your uncanny sense of smell can sniff out nearby items.
Your experience applies equally to all skills.


Message History

The gnoll hits the bush with a +1 whip of venom.
Your rat bites the jackal.
The jackal barely misses you.
The gnoll hits the bush with a +1 whip of venom.
You hit the jackal but do no damage.
The jackal is severely wounded.
The jackal closely misses you.
Your rat closely misses the jackal.
The gnoll hits the bush with a +1 whip of venom.
The jackal barely misses you.
You barely miss the jackal.
The jackal is severely wounded.
Your rat misses the jackal. The jackal misses you.
The gnoll hits the bush with a +1 whip of venom!
Your rat bites the jackal.
The jackal dies!
Your rat bites the gnoll but does no damage.
The gnoll closely misses you.
Your rat bites the gnoll.
You hit the gnoll.
The gnoll is heavily wounded.
The gnoll closely misses you.
Your rat barely misses the gnoll.
The gnoll barely misses you.
You hit the gnoll but do no damage.
The gnoll is heavily wounded.
Your rat closely misses the gnoll.
The gnoll hits you with a +1 whip of venom!
You are poisoned.
You hit the gnoll but do no damage.
The gnoll is heavily wounded.
You feel sick.
Your rat bites the gnoll but does no damage.
The gnoll misses you.
You hit the gnoll but do no damage.
The gnoll is heavily wounded.
You feel sick.
Your rat disappears in a puff of smoke!
The gnoll closely misses you.
You barely miss the gnoll. You bite the gnoll, but do no damage.
The gnoll is heavily wounded.
You feel sick. The gnoll misses you.
The gnoll hits you with a +1 whip of venom!
You die...

##### #...+ ...# ..+∆
####'#### #... #..PgP..#
#.#~. ##..@....#
#.~~~.###......###
#.≈~...........#
#~≈#.####.##.#.#
#~≈....##.##.#.########
###≈.....##.##.#.........
#..~........##.#.########
#.#≈~....#####.#.######
#.≈≈.....# #.#......#


You could see a gnoll.

Vanquished Creatures
  A ball python (D:1)
  A giant cockroach (D:1)
  A goblin (D:1)
  A hobgoblin (D:1)
  A jackal (D:2)
  A quokka (D:1)
  2 bats
  3 kobolds (D:1)
11 creatures vanquished.

Vanquished Creatures (collateral kills)
  2 bats (D:1)
  2 endoplasms (D:1)
  A giant cockroach (D:1)
  A jackal (D:2)
6 creatures vanquished.

Grand Total: 17 creatures vanquished

Notes
Turn   | Place    | Note
-------+----------+-------------------------------------------
     0 | D:1      | wormed the Gnoll Wanderer began the quest for the Orb.
     0 | D:1      | wormed set off with the following items: a +0 club, 3
                  | throwing nets, a scroll of teleportation, a scroll of
                  | blinking, a +0 leather armour; and the following spell
                  | memorised: Summon Small Mammal; and the following spells
                  | available to memorise: Call Canine Familiar.
     0 | D:1      | Reached XP level 1. HP: 17/17 MP: 4/4
   152 | D:1      | Reached XP level 2. HP: 6/23 MP: 3/5
   979 | D:2      | Found a radiant altar of Vehumet.
  1043 | D:2      | Slain by a gnoll

Illustrated notes

Levels and vault maps discovered:
D:1:      lemuel_arrival_broad_hall, layout_basic
D:2:      layout_loops_ring, basic_altar, nrook_mini_backslash,
          minmay_splitting_lines, chequers_serial_rivers_small_a,
          cheibrodos_gnoll_hut

Skill      XL: |  1 |
---------------+----+-----
Summonings     | 2 |  2.0
Fighting       | |  2.5
Short Blades   | |  0.5
Long Blades    | |  0.5
Axes           | |  0.5
Maces & Flails | |  0.5
Polearms       | |  0.5
Staves         | |  0.5
Ranged Weapons | |  0.5
Throwing       | |  0.5
Armour         | |  2.5
Dodging        | |  8.5
Stealth        | |  2.3
Shields        | |  0.5
Unarmed Combat | |  0.5
Spellcasting   | |  2.7
Conjurations   | |  0.4
Hexes          | |  0.4
Necromancy     | |  0.4
Translocations | |  0.4
Transmutations | |  0.4
Fire Magic     | |  0.4
Ice Magic      | |  0.4
Air Magic      | |  0.4
Earth Magic    | |  0.4
Poison Magic   | |  0.4
Invocations    | |  0.7
Evocations     | |  2.5

Action                   || total
-------------------------++-------
Melee: Club              ||    74
       Bite              ||     8
 Cast: Summon Small Mamm ||    14
 Stab: Distracted        ||     1
       Sleeping          ||     1
Armor: Leather armour    ||    30
Dodge: Dodged            ||   101

Table legend: (Time is in decaauts)
 A = Elapsed time spent in this place.
 B = Non-inter-level travel time spent in this place.
 C = Inter-level travel time spent in this place.
 D = Time resting spent in this place.
 E = Time spent auto-exploring this place.
 F = Levels seen in this place.
 G = Mean time per level.
                   A        B        C        D        E       F      G
               +--------+--------+--------+--------+--------+-----+--------+
         Total |   1064 |   1039 |     25 |      0 |    835 |   2 |  532.0 |
       Dungeon |   1064 |   1039 |     25 |      0 |    835 |   2 |  532.0 |
               +--------+--------+--------+--------+--------+-----+--------+

Top non-repeatable levels by time:
     D:1: 913 daAuts
     D:2: 150 daAuts
